 Dungeon Crawl Stone Soup version 0.23-a0-303-gfcac5de (webtiles) character file.

2607 tsouns the Covert (level 9, -1/64 HPs)
             Began as an Octopode Wanderer on Oct 8, 2018.
             Was a High Priest of Zin.
             Slain by a gnoll sergeant
             ... wielding a +0 spear
              (6 damage)
             ... on level 6 of the Dungeon.
             The game lasted 00:15:35 (6055 turns).

tsouns the Covert (Octopode Wanderer)               Turns: 6055, Time: 00:15:38

Health: -1/64      AC:  6    Str: 15    XL:     9   Next: 59%
Magic:  10/15      EV: 12    Int: 15    God:    Zin [*****.]
Gold:   380        SH:  0    Dex: 10    Spells: 5/16 levels left

rFire    . . .     SeeInvis +   r - +4 short sword (venom)
rCold    . . .     Gourm    .   (no shield)
rNeg     . . .     Faith    .   (helmet restricted)
rPois    .         Spirit   .   (no amulet)
rElec    .         Reflect  .   e - ring of see invisible
rCorr    .         Harm     .   q - +3 ring of protection
MR       .....                  C - +2 ring of protection
Stlth    +++++.....             (no ring)
HPRegen  0.20/turn              (no ring)
MPRegen  0.14/turn              (no ring)
                                (no ring)
                                (no ring)

@: no status effects
A: almost no armour, stealthy swim, amphibious, 8 rings, constrict 8, camouflage
1, gelatinous body 1
a: Recite, Vitalisation, Imprison, Sanctuary, Donate Gold, Renounce Religion


You were on level 6 of the Dungeon.
You worshipped Zin.
Zin was extremely pleased with you.
You were not hungry.

You visited 1 branch of the dungeon, and saw 6 of its levels.

You collected 422 gold pieces.
You donated 42 gold pieces to Zin.

Inventory:

Hand Weapons
 b - a +0 mace
 d - a +0 dagger
 k - a +1 dagger of pain
 r - a +4 short sword of venom (weapon)
Missiles
 g - 91 arrows
 l - 196 stones (quivered)
 t - 2 tomahawks
Jewellery
 e - a ring of see invisible (left tentacle)
 q - a +3 ring of protection (right tentacle)
 C - a +2 ring of protection (on tentacle)
Wands
 y - a wand of flame (24)
Scrolls
 a - 2 scrolls of magic mapping
 c - 9 scrolls of teleportation
 i - 2 scrolls of fog
 s - a scroll of amnesia
 v - a scroll of remove curse
Potions
 h - a potion of mutation
 j - a potion of brilliance
 m - 7 potions of curing
 n - a potion of flight {unknown}
 o - a potion of haste {unknown}
 p - a potion of invisibility {unknown}
 u - 2 potions of lignification {unknown}
 w - a potion of resistance {unknown}
 x - a potion of berserk rage {unknown}
 z - 3 potions of heal wounds {unknown}
 A - a potion of degeneration {unknown}
 B - a potion of cancellation {unknown}
Comestibles
 f - 13 rations
 D - 4 chunks of flesh


   Skills:
 + Level 7.0 Fighting
 + Level 2.9 Short Blades
 - Level 2.0 Maces & Flails
 + Level 9.4 Stealth
 - Level 4.0 Spellcasting
 + Level 4.7 Summonings
 + Level 6.1 Invocations


You had 5 spell levels left.
You knew the following spells:

 Your Spells              Type           Power        Failure   Level  Hunger
a - Summon Small Mammal   Summ           ###.         2%          1    None
b - Call Canine Familiar  Summ           ###.....     8%          3    ###....
c - Summon Guardian Gole  Hex/Summ       ##......     21%         3    ###....
d - Summon Ice Beast      Ice/Summ       ##......     56%         4    ####...

Your spell library contained the following spells:

 Spells                   Type           Power        Failure   Level  Hunger
 Call Imp                 Summ           ###.....     3%          2    ##.....
 Summon Lightning Spire   Summ/Air       ##......     56%         4    ####...


Dungeon Overview and Level Annotations

Branches:
Dungeon (6/15)
 Temple: D:4-7

Altars:
Zin


Innate Abilities, Weirdness & Mutations

You cannot wear most types of armour.
You are very stealthy in the water. (Stealth+)
You are amphibious.
You can wear up to eight rings at the same time.
You can use your tentacles to constrict eight enemies at once.
Your skin changes colour to match your surroundings (Stealth+).
Your rubbery body absorbs attacks. (AC +1, EV +1)


Message History

You constrict the gnoll sergeant.
Your quokka barely misses the kobold.
The gnoll sergeant hits you with a spear!
* * * LOW HITPOINT WARNING * * *
The kobold completely misses you.
Your quokka misses the kobold.
Your quokka closely misses the kobold.
You hit the gnoll sergeant.
The gnoll sergeant is heavily wounded.
You constrict the gnoll sergeant, but do no damage.
The gnoll hits your guardian golem with a club.
The gnoll sergeant hits you with a spear!
* * * LOW HITPOINT WARNING * * *
Your quokka barely misses the kobold.
The kobold barely misses you.
Your quokka closely misses the kobold.
You hit the kobold.
You kill the kobold!
You constrict the gnoll sergeant.
The gnoll hits your guardian golem but does no damage.
Your guardian golem overheats!
The gnoll sergeant hits you with a spear.
You die...

##########
♣♣#........#
..#........#
.#....(...#
#........#
#...g...†#
#...g8r..#
#....@†r.#
#######''#
#....#.)#
#....#..#
PP♣#..)÷#÷.#
....#....†..#
....#....'..#
#..PPPP#....#..#
.. #.#...♣P
#....#..#


You could see a gnoll sergeant, a gnoll, a friendly guardian golem (inner flame)
and 2 friendly quokkas.

Vanquished Creatures
  Grinder (D:4)
  A sky beast (D:5)
  An ice beast (D:5)
  4 ogres
  A crocodile (D:5)
  3 centaurs
  2 big kobolds
  4 bullfrogs
  A gnoll sergeant (D:6)
  2 scorpions (D:5)
  A crimson imp (D:4)
  5 hounds (D:6)
  An orc priest (D:6)
  A bullfrog skeleton (D:6)
  2 gnoll shamans (D:6)
  4 orc wizards (D:6)
  A jelly (D:5)
  A centaur skeleton (D:6)
  4 iguanas
  5 worker ants
  A hound skeleton (D:5)
  A howler monkey skeleton (D:4)
  10 adders
  7 gnolls
  4 shadow imps
  An adder skeleton (D:6)
  4 worms
  2 dart slugs (D:1)
  3 leopard geckos
  13 orcs
  10 bats
  9 giant cockroaches
  6 goblins
  9 hobgoblins
  7 jackals
  12 kobolds
  9 quokkas
  A ball python (D:4)
  11 frilled lizards
  A giant cockroach zombie (D:6)
  A quokka skeleton (D:2)
  11 rats
178 creatures vanquished.

Vanquished Creatures (collateral kills)
  A gnoll (D:6)
  A hobgoblin (D:6)
2 creatures vanquished.

Grand Total: 180 creatures vanquished

Notes
Turn   | Place    | Note
-------+----------+-------------------------------------------
     0 | D:1      | tsouns the Octopode Wanderer began the quest for the Orb.
     0 | D:1      | tsouns set off with: a +0 mace, a scroll of teleportation,
                  | a +0 dagger, a ration
     0 | D:1      | Reached XP level 1. HP: 16/16 MP: 2/2
     2 | D:1      | Learned a level 1 spell: Summon Small Mammal
    43 | D:1      | Reached skill level 3 in Stealth
    51 | D:1      | Reached XP level 2. HP: 17/21 MP: 3/3
   301 | D:1      | Reached XP level 3. HP: 18/26 MP: 5/5
   675 | D:2      | Reached skill level 4 in Stealth
   714 | D:2      | Reached XP level 4. HP: 19/33 MP: 7/7
  1080 | D:2      | Found a faded altar of an unknown god.
  1092 | D:2      | Became a worshipper of Zin the Law-Giver
  1092 | D:2      | Reached * piety under Zin
  1149 | D:2      | Reached ** piety under Zin
  1477 | D:3      | Reached XP level 5. HP: 10/37 MP: 8/8
  1479 | D:3      | Reached skill level 1 in Invocations
  1802 | D:3      | Noticed a big kobold
  1815 | D:3      | Killed a big kobold
  1815 | D:3      | Reached skill level 5 in Stealth
  1815 | D:3      | Reached XP level 6. HP: 30/44 MP: 10/10
  2425 | D:4      | Noticed Grinder
  2443 | D:4      | Killed Grinder
  2443 | D:4      | Reached skill level 6 in Stealth
  2443 | D:4      | Reached XP level 7. HP: 23/49 MP: 10/12
  2478 | D:4      | Reached skill level 5 in Fighting
  3239 | D:5      | Entered Level 5 of the Dungeon
  3363 | D:5      | Learned a level 3 spell: Call Canine Familiar
  3367 | D:5      | Learned a level 3 spell: Summon Guardian Golem
  3372 | D:5      | Learned a level 4 spell: Summon Ice Beast
  3406 | D:5      | Reached skill level 7 in Stealth
  3406 | D:5      | Reached XP level 8. HP: 27/56 MP: 14/14
  4126 | D:5      | Reached *** piety under Zin
  4144 | D:5      | Reached skill level 8 in Stealth
  4255 | D:5      | Reached skill level 5 in Invocations
  4409 | D:5      | Reached skill level 1 in Short Blades
  4655 | D:5      | Reached XP level 9. HP: 25/63 MP: 15/15
  5603 | D:6      | Reached skill level 9 in Stealth
  5841 | D:6      | Reached **** piety under Zin
  6014 | D:6      | Reached ***** piety under Zin
  6055 | D:6      | Slain by a gnoll sergeant

Vault maps used:
D:1:      lemuel_arrival_funnel, st_stairs_3
D:2:      chequers_ecumenical_altar_lobes
D:4:      first_ration, minivault_24, palyth_stone_intersect, uniq_grinder
D:5:      kennysheep_generic_room_10
D:6:      kennysheep_housing_project, grunt_temple_overflow_diamond

Skill      XL: |  1  2  3  4  5  6  7  8  9 |
---------------+----------------------------+-----
Stealth        | 3 4 5 6 7 8 9 |  9.4
Spellcasting   | 2 3 4 |  4.0
Fighting       | 4 5 6 7 |  7.0
Invocations    | 2 3 5 6 |  6.1
Summonings     | 3 4 |  4.7
Short Blades   | 1 2 |  2.9
Maces & Flails | |  2.0

Action                   |  1- 3 |  4- 6 |  7- 9 || total
-------------------------+-------+-------+-------++-------
Melee: Mace              |    34 |       |       ||    34
       Constrict         |    18 |    23 |    55 ||    96
       Tentacles         |    11 |    11 |    44 ||    66
       Dagger            |    43 |    19 |       ||    62
       Short sword       |       |    81 |   220 ||   301
Throw: Stone             |       |     5 |    20 ||    25
 Cast: Summon Small Mamm |       |       |     2 ||     2
       Call Canine Famil |       |       |     1 ||     1
       Summon Guardian G |       |       |     1 ||     1
Invok: Recite            |       |       |     6 ||     6
  Use: Scroll            |       |       |    11 ||    11
       Potion            |       |       |     1 ||     1
 Stab: Sleeping          |     9 |    14 |    14 ||    37
       Distracted        |       |       |     2 ||     2
       Confused          |       |       |     1 ||     1
  Eat: Chunk             |       |     4 |     6 ||    10
       Ration            |       |       |     2 ||     2
Armor: Skin              |     6 |    12 |    61 ||    79
Dodge: Dodged            |    45 |    45 |   129 ||   219

Table legend:
 A = Non-vault XP
 B = Vault XP
 C = Vault XP percentage of total XP
 D = Non-vault monster count
 E = Vault monster count
 F = Vault count percentage of total count
                 A         B        C        D         E       F
            +---------+---------+-------+---------+---------+-------
      Total |    2557 |    1168 |  31.4 |     148 |      32 |  17.8
            +---------+---------+-------+---------+---------+-------
        D:1 |      38 |       5 |  11.6 |      21 |       3 |  12.5
        D:2 |      75 |       0 |   0.0 |      30 |       0 |   0.0
        D:3 |     243 |       0 |   0.0 |      25 |       0 |   0.0
        D:4 |     299 |     272 |  47.6 |      16 |       1 |   5.9
        D:5 |    1331 |     108 |   7.5 |      30 |       1 |   3.2
        D:6 |     571 |     783 |  57.8 |      26 |      27 |  50.9
            +---------+---------+-------+---------+---------+-------
